 Dungeon Crawl Stone Soup version 0.17.1-1-g73c8601 (webtiles) character file.

108 Mysteryquy the Chopper (level 4, -1/39 HPs)
             Began as a Minotaur Fighter on Jan 2, 2016.
             Slain by a gnoll
             ... wielding a +0 halberd
              (5 damage)
             ... on level 2 of the Dungeon.
             The game lasted 00:02:28 (1513 turns).

Mysteryquy the Chopper (Minotaur Fighter)           Turns: 1513, Time: 00:02:28

Health: -1/39      AC:  8    Str: 22    XL:     4   Next: 58%
Magic:  3/3        EV:  2    Int:  5    God:
Gold:   54         SH:  9    Dex:  9    Spells: 0 memorised, 3 levels left

rFire  . . .     SeeInvis .     a - +0 war axe
rCold  . . .     Clarity  .     b - +0 scale mail
rNeg   . . .     SustAt   .     c - +0 shield
rPois  .         Gourm    .     (helmet restricted)
rElec  .         Spirit   .     p - +0 cloak
rCorr  .         Warding  .     (no gloves)
rMut   .         Stasis   .     (no boots)
MR     .....                    (no amulet)
Stlth  ..........               (no ring)
                                (no ring)

@: not resistant to hostile enchantments, extremely unstealthy
A: retaliatory headbutt, horns 2
a: no special abilities


You were on level 2 of the Dungeon.
You were not hungry.

You visited 1 branch of the dungeon, and saw 2 of its levels.

You collected 54 gold pieces.

Inventory:

Hand Weapons
 a - a +0 war axe (weapon)
Armour
 b - a +0 scale mail (worn)
 c - a +0 shield (worn)
 p - a +0 cloak (worn)
Jewellery
 n - an uncursed amulet of warding {unknown}
Scrolls
 i - a scroll of remove curse {unknown}
 k - a scroll of recharging {unknown}
 l - a scroll of fear {unknown}
 m - 2 scrolls of fog {unknown}
Potions
 d - a potion of might
 f - 2 potions of brilliance {unknown}
 g - a potion of ambrosia
 j - a potion of curing {unknown}
Comestibles
 e - 2 bread rations
 h - a slice of pizza
 o - 3 chunks of flesh


   Skills:
 - Level 3.6 Fighting
 + Level 5.9 Axes
 - Level 3.6 Armour
 - Level 3.6 Shields


You had 3 spell levels left.
You didn't know any spells.

Dungeon Overview and Level Annotations

Branches:
Dungeon (2/15)

Altars:
The Shining One


Innate Abilities, Weirdness & Mutations

You reflexively headbutt those who attack you in melee.
You have a pair of horns on your head.


Message History

You slash the gnoll!
You kill the gnoll!
You slash the rat!
You kill the rat!
The goblin zaps a wand.
The puff of flame hits you!
The goblin zaps a wand.
You block the puff of flame.
The goblin zaps a wand.
You block the puff of flame.
There is a stone staircase leading up here.
The goblin zaps a wand.
You block the puff of flame.
There is a stone staircase leading up here.
The goblin zaps a wand.
The puff of flame hits you!
The goblin zaps a wand.
The puff of flame hits you! The gnoll hits you with a halberd.
There is a stone staircase leading up, spattered with blood here.
The goblin zaps a wand.
The puff of flame hits you!
* * * LOW HITPOINT WARNING * * *
The gnoll hits you!
* * * LOW HITPOINT WARNING * * *
The gnoll hits you with a halberd.
You die...

# #..........# #
#..........# #
#..........#
##........## #
##......## #
####.######### #
#.........# #
######......>..# #
#.........@....# #
....####<..ggg...#
#
#######.....g....#
#......###.†#####
...###### ##)# #.#
#.## #.†#
##.#########


You could see 3 gnolls and a goblin.

Vanquished Creatures
  Crazy Yiuf (D:2)
  A gnoll (D:2)
  2 adders (D:2)
  An ooze (D:2)
  2 worms (D:2)
  2 giant geckos (D:1)
  3 giant cockroaches
  7 goblins
  4 hobgoblins
  3 kobolds (D:1)
  A ball python (D:2)
  6 bats
  A giant newt (D:2)
  6 rats
40 creatures vanquished.

Notes
Turn   | Place    | Note
--------------------------------------------------------------
     0 | D:1      | Mysteryquy the Minotaur Fighter began the quest for the Orb.
     0 | D:1      | Reached XP level 1. HP: 19/19 MP: 0/0
   124 | D:1      | Reached XP level 2. HP: 23/26 MP: 1/1
   503 | D:1      | Reached skill level 4 in Axes
   670 | D:2      | Reached XP level 3. HP: 27/31 MP: 2/2
   886 | D:2      | Found a glowing golden altar of the Shining One.
   947 | D:2      | Reached skill level 5 in Axes
  1339 | D:2      | Noticed Crazy Yiuf
  1345 | D:2      | Killed Crazy Yiuf
  1345 | D:2      | Reached XP level 4. HP: 6/39 MP: 3/3
  1513 | D:2      | Slain by a gnoll

Action                   |  1- 3 |  4- 6 || total
-------------------------+-------+-------++-------
Melee: War axe           |    91 |    13 ||   104
  Use: Potion            |       |     1 ||     1
  Eat: Chunk             |     1 |     1 ||     2
